 Dungeon Crawl Stone Soup version 0.31.0-11-ge490571c62 (webtiles) character file.

Game seed: 8014138615758303695

476 Sabo the Ducker (level 7, 0/60 HPs)
             Began as a Gnoll Monk on Feb 6, 2024.
             Asphyxiated
             ... on level 4 of the Dungeon.
             The game lasted 00:19:08 (3314 turns).

Sabo the Ducker (Gnoll Monk)                        Turns: 3314, Time: 00:19:11

Health: 0/60       AC: 11    Str: 13    XL:     7   Next: 10%
Magic:  10/10      EV:  5    Int:  9    God:
Gold:   277        SH:  5    Dex: 20    Spells: 10/10 levels left

rFire   . . .        a - +0 hand axe
rCold   . . .        d - orb {light}
rNeg    . . .        b - +0 plate armour
rPois   .            (no helmet)
rElec   .            (no cloak)
rCorr   .            (no gloves)
SInv    .            (no boots)
Will    .....        f - amulet of reflection Stlth
                     i - +4 ring of slaying
HPRegen 0.30/turn    x - +6 ring of dexterity
MPRegen 0.12/turn

%: reflection
@: lethally poisoned (0 -> -34), slowed, glowing, very slow
A: fangs 1, strong nose, distributed training
a: no special abilities


You were on level 4 of the Dungeon.
You visited 1 branch of the dungeon, and saw 4 of its levels.

You collected 277 gold pieces.

Inventory:

Hand Weapons
 a - a +0 hand axe (weapon)
Missiles
 h - 3 boomerangs (quivered)
 k - 11 poisoned darts
Armour
 b - a +0 plate armour (worn)
 d - an orb of light (worn)
 y - the +5 robe of Misfortune {Harm *Corrode *Slow EV+5}
   (You found it on level 4 of the Dungeon)

   EV+5:      It affects your evasion (+5).
   *Corrode:  It may corrode you when you take damage.
   *Slow:     It may slow you when you take damage.
   Harm:      It increases damage dealt and taken.
Jewellery
 f - an amulet of reflection (around neck)
 g - a ring of see invisible
 i - a +4 ring of slaying (left hand)
 w - a ring of fire
 x - a +6 ring of dexterity (right hand)
Talismans
 n - a maw talisman
Scrolls
 e - a scroll of enchant weapon
 j - 2 scrolls of teleportation
 l - a scroll of revelation {unknown}
 m - a scroll of fog {unknown}
 r - 6 scrolls of silence
 t - a scroll of immolation {unknown}
 u - 2 scrolls of blinking {unknown}
 v - a scroll of fear {unknown}
 z - a scroll of vulnerability {unknown}
Potions
 c - a potion of ambrosia
 o - a potion of might {unknown}
 p - 2 potions of degeneration {unknown}
 q - 2 potions of attraction {unknown}
 s - 2 potions of heal wounds {unknown}


   Skills:
 + Level 7.0 Fighting
 + Level 2.3 Short Blades
 + Level 2.3 Long Blades
 + Level 7.0 Axes
 + Level 2.3 Maces & Flails
 + Level 2.3 Polearms
 + Level 2.3 Staves
 + Level 2.3 Ranged Weapons
 + Level 2.3 Throwing
 + Level 2.3 Armour
 + Level 7.0 Dodging
 + Level 2.3 Stealth
 + Level 2.3 Shields
 + Level 2.3 Unarmed Combat
 + Level 2.3 Spellcasting
 + Level 1.9 Conjurations
 + Level 1.9 Hexes
 + Level 1.9 Summonings
 + Level 1.9 Necromancy
 + Level 1.9 Translocations
 + Level 1.9 Fire Magic
 + Level 1.9 Ice Magic
 + Level 1.9 Air Magic
 + Level 1.9 Earth Magic
 + Level 1.9 Alchemy
 + Level 2.6 Invocations
 + Level 2.3 Evocations
 + Level 2.1 Shapeshifting


You had 10 spell levels left.
You didn't know any spells.
Your spell library was empty.

Dungeon Overview and Level Annotations

Branches:
Dungeon (4/15)
 Temple: D:4-7

Altars:
Dithmenos
Fedhas
Xom
Zin
The Shining One

Shops:
D:2 [


Innate Abilities, Weirdness & Mutations

You have very sharp teeth.
Your uncanny sense of smell can sniff out nearby items.
Your experience applies equally to all skills.


Message History

The orc priest calls down the wrath of Beogh upon you.
Pain shoots through your body!
You hit the orc priest.
The orc priest is almost dead.
The orc priest hits you with a +0 mace.
You hit the orc priest.
The orc priest is almost dead.
The orc priest hits you with a +0 mace.
You hit the orc priest.
You kill the orc priest!
You see here a +0 mace.
Throw: 3 boomerangs
Press: ? - help, Q - select action, (/) - cycle Shift-Dir - straight line
Okay, then.
You start resting.
A kobold brigand comes into view.
It is wielding a +0 dagger and quivering curare-tipped darts.
The kobold brigand throws a curare-tipped dart.
The curare-tipped dart hits you.
You are poisoned.
You have difficulty breathing.
You feel yourself slow down.
You feel very sick.
The kobold brigand throws a curare-tipped dart.
The curare-tipped dart hits you.
You are more poisoned.
You have difficulty breathing.
You feel as though you will be slow longer.
The kobold brigand throws a curare-tipped dart.
The curare-tipped dart hits you.
You are lethally poisoned!
You have difficulty breathing.
You feel as though you will be slow longer.
* * * LOW HITPOINT WARNING * * *
You feel extremely sick.
* * * LOW HITPOINT WARNING * * *
You feel extremely sick.
The kobold brigand throws a curare-tipped dart.
The curare-tipped dart hits you.
You are more poisoned.
You have difficulty breathing.
You die...

#.....###.' #.......#K#
#....)..#.# #...#'#...#
#...#_#...# #...#'#)..#
#.....).#.#
####'...#.#######+#
#....@.......#.# ∆
#.#.##.#####.#.#
########'#.#......#.#.#
#.....................#
#...............#.....#
#...........PP..#._...#
#...........PP..#.....#
#...........PP..####..######
#...........PP.............#


You could see a kobold brigand.

Vanquished Creatures
  Sigmund (D:3)
  An ogre (D:4)
  2 orc priests (D:4)
  Terence (D:3)
  Jessica (D:3)
  An iguana (D:4)
  5 adders
  2 dart slugs
  6 orcs
  7 ball pythons
  5 endoplasms
  A giant cockroach (D:1)
  3 goblins
  11 hobgoblins
  2 jackals (D:3)
  2 bats (D:2)
  3 kobolds
  3 rats (D:2)
57 creatures vanquished.

Notes
Turn   | Place    | Note
-------+----------+-------------------------------------------
     0 | D:1      | Sabo the Gnoll Monk began the quest for the Orb.
     0 | D:1      | Reached XP level 1. HP: 23/23 MP: 1/1
   268 | D:1      | Found a faded altar of an unknown god.
   459 | D:1      | Reached XP level 2. HP: 29/29 MP: 2/2
  1077 | D:2      | Reached XP level 3. HP: 33/35 MP: 3/3
  1100 | D:2      | Reached skill level 1 in Invocations
  1140 | D:2      | Found Pakyngag's Armour Shoppe.
  1317 | D:2      | Reached skill level 1 in Short Blades
  1317 | D:2      | Reached skill level 1 in Long Blades
  1317 | D:2      | Reached skill level 1 in Maces & Flails
  1317 | D:2      | Reached skill level 1 in Polearms
  1317 | D:2      | Reached skill level 1 in Staves
  1317 | D:2      | Reached skill level 1 in Ranged Weapons
  1317 | D:2      | Reached skill level 1 in Throwing
  1317 | D:2      | Reached skill level 1 in Armour
  1317 | D:2      | Reached skill level 1 in Stealth
  1317 | D:2      | Reached skill level 1 in Shields
  1317 | D:2      | Reached skill level 1 in Unarmed Combat
  1317 | D:2      | Reached skill level 1 in Spellcasting
  1317 | D:2      | Reached skill level 1 in Evocations
  1674 | D:3      | Noticed Terence
  1691 | D:3      | Killed Terence
  1692 | D:3      | Reached skill level 1 in Conjurations
  1692 | D:3      | Reached skill level 1 in Hexes
  1692 | D:3      | Reached skill level 1 in Summonings
  1692 | D:3      | Reached skill level 1 in Necromancy
  1692 | D:3      | Reached skill level 1 in Translocations
  1692 | D:3      | Reached skill level 1 in Fire Magic
  1692 | D:3      | Reached skill level 1 in Ice Magic
  1692 | D:3      | Reached skill level 1 in Air Magic
  1692 | D:3      | Reached skill level 1 in Earth Magic
  1692 | D:3      | Reached skill level 1 in Alchemy
  1692 | D:3      | Reached skill level 1 in Shapeshifting
  1692 | D:3      | Reached XP level 4. HP: 20/41 MP: 5/5
  1787 | D:3      | Noticed Jessica
  1795 | D:3      | Killed Jessica
  1796 | D:3      | Reached XP level 5. HP: 39/47 MP: 5/7
  2094 | D:3      | Noticed Sigmund
  2101 | D:3      | Killed Sigmund
  2102 | D:3      | Reached XP level 6. HP: 32/53 MP: 7/9
  2244 | D:3      | Found a shimmering altar of Xom.
  2245 | D:3      | Found a shadowy altar of Dithmenos.
  2834 | D:4      | Found a blossoming altar of Fedhas.
  2933 | D:4      | Found the +5 robe of Misfortune {Harm *Corrode *Slow EV+5}
  2997 | D:4      | Found a glowing silver altar of Zin.
  3206 | D:4      | Found a glowing golden altar of the Shining One.
  3228 | D:4      | Reached XP level 7. HP: 42/60 MP: 10/10
  3314 | D:4      | Asphyxiated

Illustrated notes

Levels and vault maps discovered:
D:1:      dpeg_arrival_boxes_within_box, layout_basic,
          shapermc_ecumenical_altar_gd
D:2:      layout_basic, serial_shops, shop, minivault_25,
          nicolae_concentric_dashed_squares_mild, minmay_pentomino_s4
D:3:      layout_basic, mainiacjoe_overflow_divided_tiny, uniq_jessica,
          uniq_terence, uniq_sigmund
D:4:      layout_basic, kennysheep_mini_moat, lemuel_round_altar,
          mainiacjoe_overflow_chevrons

Skill      XL: |  1  2  3  4  5  6 |
---------------+-------------------+-----
Invocations    | 1 2 |  2.6
Short Blades   | 1 2 |  2.3
Long Blades    | 1 2 |  2.3
Maces & Flails | 1 2 |  2.3
Polearms       | 1 2 |  2.3
Staves         | 1 2 |  2.3
Ranged Weapons | 1 2 |  2.3
Throwing       | 1 2 |  2.3
Armour         | 1 2 |  2.3
Stealth        | 1 2 |  2.3
Shields        | 1 2 |  2.3
Unarmed Combat | 1 2 |  2.3
Spellcasting   | 1 2 |  2.3
Evocations     | 1 2 |  2.3
Conjurations   | 1 |  1.9
Hexes          | 1 |  1.9
Summonings     | 1 |  1.9
Necromancy     | 1 |  1.9
Translocations | 1 |  1.9
Fire Magic     | 1 |  1.9
Ice Magic      | 1 |  1.9
Air Magic      | 1 |  1.9
Earth Magic    | 1 |  1.9
Alchemy        | 1 |  1.9
Shapeshifting  | 1 2 |  2.1
Fighting       | 7 |  7.0
Axes           | 7 |  7.0
Dodging        | 7 |  7.0

Action                     |  1- 3 |  4- 6 |  7- 9 || total
---------------------------+-------+-------+-------++-------
  Melee: Hand axe          |    78 |    63 |     6 ||   147
         Bite              |     5 |     6 |       ||    11
  Throw: Boomerang         |       |     2 |       ||     2
    Use: Scroll            |     1 |     3 |       ||     4
 Armour: Robe              |     7 |       |       ||     7
         Scale mail        |    17 |       |       ||    17
         Plate armour      |    20 |    46 |     2 ||    68
  Dodge: Dodged            |    46 |    12 |     1 ||    59
